 Dungeon Crawl Stone Soup version 0.22.1-2-g9c5b331383 (webtiles) character file.

837 avocado45 the Ducker (level 7, -6/67 HPs)
             Began as a Troll Fighter on Jan 4, 2019.
             Was an Initiate of Trog.
             Mangled by an ogre
             ... wielding a +0 giant spiked club
              (22 damage)
             ... on level 8 of the Dungeon.
             The game lasted 00:44:47 (4564 turns).

avocado45 the Ducker (Troll Fighter)                Turns: 4564, Time: 00:44:47

Health: -6/67      AC:  5    Str: 27    XL:     7   Next: 66%
Magic:  6/6        EV:  9    Int:  4    God:    Trog [......]
Gold:   173        SH:  9    Dex:  9    Spells: 6/6 levels left

rFire    . . .     SeeInvis .   y - +0 falchion
rCold    . . .     Gourm    +   c - +0 shield
rNeg     . . .     Faith    .   w - +0 robe
rPois    .         Spirit   .   (helmet restricted)
rElec    .         Reflect  .   (no cloak)
rCorr    .         Harm     .   (gloves unavailable)
MR       .....                  (boots unavailable)
Stlth    +.........             m - amulet of the gourmand
HPRegen  0.61/turn              (no ring)
MPRegen  0.10/turn              (no ring)

@: drained
A: large, unfitting armour, claws 3, fast metabolism 3, gourmand, regeneration
1, shaggy fur 1, tough skin 2
a: Renounce Religion


You were on level 8 of the Dungeon.
You worshipped Trog.
Trog was noncommittal.
You were not hungry.

You visited 2 branches of the dungeon, and saw 9 of its levels.

You collected 173 gold pieces.

Inventory:

Hand Weapons
 e - a +3 dagger
 o - a +0 hunting sling
 y - a +0 falchion (weapon)
Missiles
 b - 6 javelins (quivered)
 l - 171 stones
 q - 19 poisoned needles
 t - 3 needles of sleeping
Armour
 c - a +0 shield (worn)
 w - a +0 robe (worn)
Jewellery
 m - an amulet of the gourmand (around neck)
Wands
 h - a wand of polymorph (17)
Scrolls
 a - 2 scrolls of enchant armour {unknown}
 g - 3 scrolls of teleportation {unknown}
 j - 2 scrolls of remove curse
 n - a scroll of amnesia {unknown}
 p - 2 scrolls of vulnerability {unknown}
 s - 2 scrolls of identify
 v - a scroll of immolation {unknown}
Potions
 d - a potion of mutation {unknown}
 i - 2 potions of curing {unknown}
 k - a potion of magic {unknown}
Comestibles
 f - 6 rations


   Skills:
 + Level 3.6(3.2) Fighting
 - Level 1.8(2.2) Short Blades
 + Level 2.5(2.6) Long Blades
   Level 2.1(1.7) Maces & Flails
 + Level 1.1(0.8) Throwing
 + Level 4.6(4.2) Dodging
 + Level 0.7(0.3) Stealth
 - Level 3.8(3.5) Shields
 + Level 0.7(0.4) Evocations


You had 6 spell levels left.
You didn't know any spells.
Your spell library contained the following spells:

 Spells                   Type           Power        Failure   Level  Hunger
 Shock                    Conj/Air       #...         88%         1    ##.....
 Swiftness                Chrm/Air       #.......     95%         2    ###....
 Static Discharge         Conj/Air       #.......     99%         3    ####...
 Airstrike                Air            #.........   100%        4    #####..
 Lightning Bolt           Conj/Air       #.........   100%        5    ######.


Dungeon Overview and Level Annotations

Branches:
Dungeon (8/15)             Temple (1/1) D:7
   Lair: D:8-11

Altars:
Ashenzari
Cheibriados
Elyvilon
Fedhas
Gozag
Hepliaklqana
Kikubaaqudgha
Makhleb
Nemelex Xobeh
Okawaru
Qazlal
Sif Muna
Trog
Uskayaw
Vehumet
Wu Jian
Xom
Yredelemnul
The Shining One


Innate Abilities, Weirdness & Mutations

You are too large for most types of armour.
You have claws for hands.
Your metabolism is lightning-fast.
You like to eat raw meat.
Your natural rate of healing is unusually fast.
You are covered in fur. (AC +1)
You have very tough skin. (AC +2)


Message History

There are no items here.
You hit the ogre.
The ogre is lightly wounded.
The ogre hits you with a giant spiked club!!
You hit the ogre.
The ogre is moderately wounded.
The ogre hits you with a giant spiked club!
You hit the ogre.
The ogre is heavily wounded.
The ogre hits you with a giant spiked club!
* * * LOW HITPOINT WARNING * * *
You hit the ogre.
The ogre is heavily wounded.
You block the ogre's attack.
Found a smoky puce potion.
Found a robe.
Found a stone staircase leading down.
The ogre hits you with a giant spiked club!
* * * LOW HITPOINT WARNING * * *
The ogre hits you with a giant spiked club!!
You die...

...### #.# . #.....
##..# ..##...#####...
...#........# #
#..........# .# # #
#........#### ..# #
..####...........##..#..
........................
###...........#.@.....##
.....#.:.......O....!...
#.................##....
#..######..........# ...
..# #.#####.##.# .. ..#
#.###...# .# ..#
#.....#.# .. .>#
#...####.# ##[
..#####..### #.# .>


You could see an ogre.

Vanquished Creatures
  An ogre (D:6)
  A phantom (D:7)
  A scorpion (D:5)
  A crimson imp (D:7)
  A centaur zombie (D:7)
  A hound (D:7)
  A jelly (D:8)
  4 orc priests
  2 orc wizards
  A centaur skeleton (D:4)
  Jessica (D:3)
  Natasha (twice) (D:3)
  A worker ant (D:4)
  6 adders
  A howler monkey skeleton (D:7)
  A shadow imp (D:7)
  An adder zombie (D:5)
  A dart slug (D:2)
  A leopard gecko (D:3)
  15 orcs
  8 bats
  A giant cockroach (D:3)
  6 goblins
  3 hobgoblins
  6 kobolds
  4 quokkas
  A ball python (D:1)
  3 frilled lizards (D:2)
  6 rats
82 creatures vanquished.

Vanquished Creatures (collateral kills)
  A centaur skeleton (D:7)
  A worker ant (D:7)
  An orc (D:7)
3 creatures vanquished.

Grand Total: 85 creatures vanquished

Notes
Turn   | Place    | Note
-------+----------+-------------------------------------------
     0 | D:1      | avocado45 the Troll Fighter began the quest for the Orb.
     0 | D:1      | Reached XP level 1. HP: 22/22 MP: 0/0
   240 | D:1      | Reached XP level 2. HP: 24/29 MP: 1/1
   753 | D:2      | Reached XP level 3. HP: 33/36 MP: 2/2
  1183 | D:3      | Reached skill level 3 in Dodging
  1379 | D:3      | Noticed Jessica
  1380 | D:3      | Noticed Natasha
  1389 | D:3      | Killed Natasha
  1389 | D:3      | Reached XP level 4. HP: 33/44 MP: 3/3
  1392 | D:3      | Killed Jessica
  1438 | D:3      | Noticed Natasha
  1456 | D:3      | Killed Natasha
  1456 | D:3      | Reached XP level 5. HP: 28/52 MP: 4/4
  1686 | D:3      | Paralysed by fainting for 7 turns
  1703 | D:3      | Paralysed by fainting for 8 turns
  2260 | D:5      | Entered Level 5 of the Dungeon
  2365 | D:5      | Reached skill level 1 in Short Blades
  2373 | D:5      | Found a sparkling altar of Nemelex Xobeh.
  2389 | D:5      | Became a worshipper of Nemelex Xobeh the Trickster
  2631 | D:5      | Received a gift from Nemelex Xobeh
  2755 | D:4      | Reached XP level 6. HP: 46/61 MP: 5/5
  3035 | D:6      | Reached skill level 4 in Dodging
  3295 | D:7      | Reached * piety under Nemelex Xobeh
  3473 | D:7      | Reached skill level 1 in Long Blades
  3473 | D:7      | Reached skill level 1 in Throwing
  3473 | D:7      | Reached XP level 7. HP: 54/67 MP: 6/6
  3587 | D:7      | Received a gift from Nemelex Xobeh
  3591 | D:7      | Noticed an orange demon
  4082 | D:7      | Found a staircase to the Ecumenical Temple.
  4130 | Temple   | Entered the Ecumenical Temple
  4194 | Temple   | Reached ** piety under Nemelex Xobeh
  4276 | Temple   | Fell from the grace of Nemelex Xobeh
  4276 | Temple   | Became a worshipper of Makhleb the Destroyer
  4305 | Temple   | Fell from the grace of Makhleb
  4305 | Temple   | Became a worshipper of Trog the Wrathful
  4564 | D:8      | Mangled by an ogre

Skill      XL: |  1  2  3  4  5  6  7 |
---------------+----------------------+-----
Maces & Flails | 2 |  2.1
Dodging        | 3 4 |  4.6
Shields        | 3 |  3.8
Short Blades   | 1 |  1.8
Fighting       | 3 |  3.6
Long Blades    | 1 2 |  2.5
Throwing       | 1 |  1.1
Stealth        | |  0.7
Evocations     | |  0.7

Action                   |  1- 3 |  4- 6 |  7- 9 || total
-------------------------+-------+-------+-------++-------
Melee: Flail             |    52 |       |       ||    52
       Spear             |    14 |       |       ||    14
       Dagger            |    56 |   136 |       ||   192
       Short sword       |    15 |       |       ||    15
       Falchion          |       |    51 |    87 ||   138
       Giant club        |       |    18 |       ||    18
 Fire: Hunting sling     |       |     1 |       ||     1
Throw: Stone             |    10 |       |       ||    10
       Javelin           |       |     7 |       ||     7
Evoke: Wand              |       |     1 |       ||     1
       Deck              |       |       |     2 ||     2
  Use: Scroll            |     2 |     1 |       ||     3
       Potion            |       |     3 |     1 ||     4
 Stab: Sleeping          |     1 |       |       ||     1
  Eat: Chunk             |     6 |    11 |     3 ||    20
       Ration            |     1 |     3 |     2 ||     6
Armor: Robe              |    70 |    78 |    27 ||   175
Dodge: Dodged            |    76 |   104 |    43 ||   223
Block: Shield            |    91 |    97 |    65 ||   253
       Rpst.: Falchion   |       |     6 |    16 ||    22
